 Dungeon Crawl Stone Soup version 0.16.1-30-g34a7ffa (webtiles) character file.

103 nilly the Shield-Bearer (level 4, -3/44 HPs)
             Began as a Troll Fighter on June 24, 2015.
             Killed by nerve-wracking pain
             ... invoked by Jessica
              (10 damage)
             ... on level 3 of the Dungeon.
             The game lasted 00:04:49 (1541 turns).

nilly the Shield-Bearer (Troll Fighter)             Turns: 1541, Time: 00:04:49

Health: -3/44      AC:  7    Str: 24      XL:     4   Next: 51%
Magic:  2/2        EV:  7    Int:  5      God:
Gold:   105        SH:  0    Dex:  7 (9)  Spells: 0 memorised, 3 levels left

rFire  . . .     SeeInvis .     a - +0 flail
rCold  + . .     Clarity  .     b - +1 robe
rNeg   . . .     SustAb   .     c - +0 shield
rPois  .         Gourm    +     (helmet restricted)
rElec  .         Spirit   .     k - +0 cloak
rCorr  .         Warding  .     (gloves unavailable)
rMut   .         Stasis   .     (boots unavailable)
MR     .....                    (no amulet)
Stlth  +.........               (no ring)
                                j - ring of protection from cold

@: confused, not resistant to hostile enchantments, very unstealthy
A: unfitting armour, claws 3, fast metabolism 3, gourmand, regeneration 2,
shaggy fur 1, tough skin 2
a: no special abilities


You were on level 3 of the Dungeon.
You were not hungry.

You visited 1 branch of the dungeon, and saw 3 of its levels.

You collected 105 gold pieces.

Inventory:

Hand weapons
 a - a +0 flail (weapon)
Armour
 b - a +1 robe (worn)
 c - a +0 shield (worn)
 k - a +0 cloak (worn)
Jewellery
 j - a ring of protection from cold (left claw)
Scrolls
 f - a scroll of identify
 g - a scroll of recharging
 h - 2 scrolls of fog
 l - a scroll of remove curse
Potions
 e - 2 potions of might
Comestibles
 d - 4 meat rations
 i - 2 bread rations


   Skills:
 - Level 2.4 Fighting
 * Level 3.1 Maces & Flails
 - Level 2.5 Armour
 - Level 0.1 Dodging
 * Level 3.5 Shields


You had 3 spell levels left.
You didn't know any spells.

Dungeon Overview and Level Annotations

Branches:
Dungeon (3/15)

Altars:
Qazlal
Sif Muna

Annotations:
D:3 Jessica, Natasha


Innate Abilities, Weirdness & Mutations

You are too large for most types of armour.
You have claws for hands.
Your metabolism is lightning-fast.
You like to eat raw meat.
You heal very quickly.
You are covered in fur (AC +1).
You have very tough skin (AC +2).


Message History

The orc shouts!
Jessica barely misses you.
Natasha zaps a wand.
Your will is overpowered!
You are more confused.
Jessica mumbles some strange words.
Jessica seems to speed up.
An orc comes into view.
The orc shouts!
Natasha casts a spell.
The orc priest calls down the wrath of Beogh upon you.
Something smites you!
The orc priest calls down the wrath of Beogh upon you.
Something smites you!
The orc priest mumbles some strange prayers to Beogh against you.
Something smites you!
* * * LOW HITPOINT WARNING * * *
You barely miss Jessica. Jessica casts a spell at you.
Pain shoots through your body!
You die...

#.....##.#.......≈§^..
#......#..........._
#.............(≈.....
#..............#(...
........######.#.# §.
.##.##.## #....#^#^. .
#.... #....≈^≈≈.
#....###########...##.#..
#....oooo.o@@.........#
##.....h...####.......#
#.......5.# #.......#.#
#........<# #.........#
#....5....# #......#..#
...$.....# #......# .
....$...# #........>
....#### #......### .
#......#


You could see an orc priest, Natasha, a crimson imp, a shadow imp, Jessica and 4
orcs.

Vanquished Creatures
  Natasha (D:3)
  4 adders
  2 giant geckos
  An ooze (D:2)
  A giant cockroach (D:3)
  7 goblins
  10 hobgoblins
  3 bats
  A giant newt (D:1)
  4 kobolds
  5 rats
39 creatures vanquished.

Notes
Turn   | Place    | Note
--------------------------------------------------------------
     0 | D:1      | nilly, the Troll Fighter, began the quest for the Orb.
     0 | D:1      | Reached XP level 1. HP: 22/22 MP: 1/1
   190 | D:1      | Reached XP level 2. HP: 29/29 MP: 1/1
   999 | D:2      | Reached skill level 3 in Shields
  1016 | D:2      | Reached XP level 3. HP: 36/36 MP: 2/2
  1206 | D:2      | Found a deep blue altar of Sif Muna.
  1489 | D:3      | Reached XP level 4. HP: 42/44 MP: 2/2
  1501 | D:3      | Found a stormy altar of Qazlal.
  1509 | D:3      | Noticed Natasha
  1515 | D:3      | Killed Natasha
  1531 | D:3      | Noticed Jessica
  1533 | D:3      | Noticed Natasha
  1541 | D:3      | Killed from afar by Jessica

Action                   |  1- 3 |  4- 6 || total
-------------------------+-------+-------++-------
Melee: Flail             |   125 |     9 ||   134
  Use: Scroll            |     7 |       ||     7
       Potion            |     1 |       ||     1
  Eat: Chunk             |     6 |     1 ||     7
       Meat ration       |     1 |       ||     1
